 Dungeon Crawl Stone Soup version 0.30-a0-457-g4b7bca3bfa (webtiles) character file.

Game seed: 5464606596861062236

89 McMuffin the Insei (level 4, -2/33 HPs)
             Began as a Demonspawn Transmuter on Dec 13, 2022.
             Slain by a worm (9 damage)
             ... on level 3 of the Dungeon.
             The game lasted 00:02:57 (1680 turns).

McMuffin the Insei (Demonspawn Transmuter)          Turns: 1680, Time: 00:02:57

Health: -2/33      AC:  2    Str: 12    XL:     4   Next: 31%
Magic:  7/7        EV: 12    Int: 14    God:
Gold:   28         SH:  0    Dex: 14    Spells: 7/8 levels left

rFire   . . .      SeeInvis .      - Unarmed
rCold   . . .      Faith    .    (no shield)
rNeg    + . .      Spirit   .    a - +0 robe
rPois   .          Reflect  .    (helmet currently unavailable)
rElec   .          Harm     .    (no cloak)
rCorr   .          Rampage  .    (no gloves)
Will    .....                    (boots currently unavailable)
Stlth   +.........               j - amulet of regeneration
HPRegen 1.05/turn                k - ring of positive energy
MPRegen 0.10/turn                (no ring)

@: appendages (expiring)
A: ([horns 0]), talons 2, antennae 1, spiny 2
a: End Transformation


You were on level 3 of the Dungeon.
You had temporarily grown beastly horns and talons.
You visited 1 branch of the dungeon, and saw 3 of its levels.

You collected 28 gold pieces.

Inventory:

Missiles
 c - a throwing net
Armour
 a - a +0 robe (worn)
Jewellery
 j - an amulet of regeneration (around neck)
 k - a ring of positive energy (left hand)
Wands
 m - a wand of roots (12)
Scrolls
 d - a scroll of fog {unknown}
 f - a scroll of teleportation {unknown}
 g - 5 scrolls of identify {unknown}
 h - a scroll of blinking {unknown}
 i - a scroll of noise {unknown}
 o - a scroll of enchant armour {unknown}
Potions
 b - a potion of lignification
 e - 3 potions of curing {unknown}
 l - a potion of cancellation {unknown}
 n - a potion of flight {unknown}
 p - a potion of berserk rage {unknown}
 q - a potion of magic {unknown}


   Skills:
 + Level 2.0 Fighting
 + Level 2.4 Dodging
 + Level 3.2 Unarmed Combat
 + Level 2.5 Spellcasting
 + Level 2.4 Transmutations


You had 7 spell levels left.
You knew the following spells:

 Your Spells              Type           Power      Damage    Failure   Level
a - Beastly Appendage     Tmut           16%        N/A       9%          1

Your spell library contained the following spells:

 Spells                   Type           Power      Damage    Failure   Level
 Wereblood                Tmut           8%         N/A       12%         2
 Spider Form              Tmut/Pois      5%         N/A       38%         3
 Summon Guardian Golem    Hex/Summ       1%         N/A       56%         3
 Ice Form                 Ice/Tmut       5%         N/A       80%         4
 Orb of Destruction       Conj           0%         9d5       100%        7
 Spellforged Servitor     Conj/Summ      0%         N/A       100%        7


Dungeon Overview and Level Annotations

Branches:
Dungeon (3/15)

Altars:
Xom


Innate Abilities, Weirdness & Mutations

You have temporarily grown beastly horns and talons.
You have a pair of small antennae on your head.
You are mostly covered in sharp spines.


Message History

A pair of antennae grows on your head!
You see here a +0 club.
You are too injured to fight recklessly!
Unknown command.
A worm is nearby!
A worm is nearby!
Unknown command.
You are too injured to fight recklessly!
Casting: Beastly Appendage (safe; 9% risk of failure)
Press: ? - help, Q - select action, (/) - cycle Dir - look around, f - activate You extend your transformation's duration.
Things that are here:
a +0 club; a +0 robe You hit the worm.
The worm is moderately wounded.
You hit the worm. You claw the worm.
The worm is heavily wounded.
The worm bites you.
You hit the worm but do no damage.
The worm is heavily wounded.
Your transformation is almost over.
A bat comes into view.
The worm bites you!
You hit the worm.
The worm is severely wounded.
You barely miss the worm.
The worm is severely wounded.
The worm is struck by your spines. The worm bites you!
* * * LOW HITPOINT WARNING * * *
You completely miss the worm.
The worm is severely wounded.
You barely miss the worm.
The worm is severely wounded.
The worm is struck by your spines. The worm misses you.
You hit the worm but do no damage.
The worm is severely wounded.
You hit the worm but do no damage. You claw the worm.
The worm is almost dead.
The worm bites you!
You die...

#. #. .... ##.# ....
##...## ..!.. #.)...#
.... ##########....#...
.###.<.........#.#.##.#
.......######...@wb...#
.....#.# ####)#.####.
######.#########)#......
#..........)†.##.#
###########?.....#
###.#### ... ####


You could see a worm and a bat.

Vanquished Creatures
  Jessica (D:3)
  An adder (D:3)
  A worm (D:2)
  An orc (D:3)
  5 bats
  6 endoplasms
  2 giant cockroaches
  7 goblins
  4 hobgoblins
  2 jackals (D:1)
  4 kobolds
  4 quokkas (D:1)
  3 ball pythons
  A frilled lizard (D:1)
  2 rats
44 creatures vanquished.

Notes
Turn   | Place    | Note
-------+----------+-------------------------------------------
     0 | D:1      | McMuffin the Demonspawn Transmuter began the quest for the
                  | Orb.
     0 | D:1      | Reached XP level 1. HP: 15/15 MP: 3/3
   184 | D:1      | Gained mutation: You are partially covered in sharp spines.
                  | [demonic ancestry]
   184 | D:1      | Reached XP level 2. HP: 21/21 MP: 3/5
   784 | D:1      | Gained mutation: You are mostly covered in sharp spines.
                  | [demonic ancestry]
   784 | D:1      | Reached XP level 3. HP: 26/26 MP: 4/6
   853 | D:1      | Reached skill level 3 in Unarmed Combat
  1416 | D:2      | Found a shimmering altar of Xom.
  1656 | D:3      | Noticed Jessica
  1664 | D:3      | Killed Jessica
  1665 | D:3      | Lost mutation: You have a pair of horns on your head.
                  | [demonic ancestry]
  1665 | D:3      | Lost mutation: You have a pair of small horns on your head.
                  | [demonic ancestry]
  1665 | D:3      | Gained mutation: You have a pair of small antennae on your
                  | head. [demonic ancestry]
  1665 | D:3      | Reached XP level 4. HP: 12/33 MP: 7/7
  1680 | D:3      | Slain by a worm

Illustrated notes

Levels and vault maps discovered:
D:1:      elethiomel_arrival_maze, layout_loops_ring, minmay_misc_feat_tower,
          st_stairs_7, skrybe_limestone_x
D:2:      layout_basic, basic_altar
D:3:      minmay_diamond_boxcup, layout_loops_ring, uniq_sigmund, uniq_grinder,
          uniq_jessica

Skill      XL: |  1  2  3 |
---------------+----------+-----
Dodging        | 2 |  2.4
Transmutations | 2 |  2.4
Unarmed Combat | 3 |  3.2
Fighting       | 2 |  2.0
Spellcasting   | |  2.5

Action                   |  1- 3 |  4- 6 || total
-------------------------+-------+-------++-------
Melee: Unarmed           |    69 |     9 ||    78
       Kick              |    16 |     2 ||    18
       Headbutt          |    11 |       ||    11
 Cast: Beastly Appendage |    31 |     1 ||    32
 Stab: Sleeping          |     2 |       ||     2
Armor: Robe              |     7 |       ||     7
Dodge: Dodged            |    29 |     1 ||    30

Table legend: (Time is in decaauts)
 A = Elapsed time spent in this place.
 B = Non-inter-level travel time spent in this place.
 C = Inter-level travel time spent in this place.
 D = Time resting spent in this place.
 E = Time spent auto-exploring this place.
 F = Levels seen in this place.
 G = Mean time per level.
                   A        B        C        D        E       F      G
               +--------+--------+--------+--------+--------+-----+--------+
         Total |   1675 |   1675 |      0 |      0 |   1375 |   3 |  558.3 |
       Dungeon |   1675 |   1675 |      0 |      0 |   1375 |   3 |  558.3 |
               +--------+--------+--------+--------+--------+-----+--------+

Top non-repeatable levels by time:
     D:1: 1063 daAuts
     D:2: 574 daAuts
     D:3: 36 daAuts
